 Dungeon Crawl Stone Soup version 0.31-a0-986-g5e6e4ef867 (webtiles) character file.

Game seed: 10177863777228856501

340 monsoonserge the Ruffian (level 6, -1/38 HPs)
             Began as an Octopode Shapeshifter on Nov 18, 2023.
             Slain by Pikel
             ... wielding a +2 whip of freezing
              (4 damage)
             ... on level 4 of the Dungeon.
             The game lasted 00:06:06 (2934 turns).

monsoonserge the Ruffian (Octopode Shapeshifter)    Turns: 2934, Time: 00:06:07

Health: -1/38      AC:  1    Str: 15    XL:     6   Next: 56%
Magic:  6/6        EV: 13    Int: 13    God:
Gold:   147        SH:  0    Dex: 11    Spells: 5/5 levels left

rFire   . .          .
                       - Unarmed
rCold   . . .        (no shield)
rNeg    . . .        (helmet currently unavailable)
rPois   .            g - amulet of regeneration
rElec   .            (no ring)
rCorr   .            (no ring)
SInv    .            (no ring)
Will    .....        (no ring)
Stlth   +++          (no ring)
HPRegen 1.06/turn    (no ring)
MPRegen 0.10/turn    (no ring)
                     (no ring)

%: no passive effects
@: beast-form
A: beast (slay +2), almost no armour, amphibious, 8 rings, camouflage 1,
gelatinous body 1, (nimble swimmer 1), tentacles
a: Begin Untransformation


You were on level 4 of the Dungeon.
You were a hulking beast.
You visited 1 branch of the dungeon, and saw 4 of its levels.

You collected 147 gold pieces.

Inventory:

Missiles
 d - 2 boomerangs (quivered)
 m - 5 curare-tipped darts
Jewellery
 g - an amulet of regeneration (around mantle)
 s - an amulet of magic regeneration
Talismans
 b - a beast talisman
 c - a flux talisman
Wands
 t - a wand of charming (7)
Scrolls
 h - a scroll of torment
 j - 2 scrolls of revelation {unknown}
 k - a scroll of noise
 n - 3 scrolls of teleportation
 o - a scroll of immolation {unknown}
 r - a scroll of enchant weapon {unknown}
Potions
 a - a potion of lignification
 f - 2 potions of haste
 i - 2 potions of attraction
 l - a potion of degeneration {unknown}
 p - a potion of ambrosia {unknown}
 q - a potion of curing
 u - a potion of enlightenment {unknown}


   Skills:
 + Level 1.6 Fighting
 + Level 2.4 Dodging
 + Level 3.9 Stealth
 * Level 5.0 Unarmed Combat
 * Level 0.1 Evocations
 + Level 4.3 Shapeshifting


You had 5 spell levels left.
You didn't know any spells.
Your spell library was empty.

Dungeon Overview and Level Annotations

Branches:
Dungeon (4/15)
 Temple: D:4-7

Altars:
Okawaru

Annotations:
D:3 2 transporters, wildpjah's ghost, amateur DsGl
D:4 Pikel


Innate Abilities, Weirdness & Mutations

You are a hulking beast.
Your limbs bulge with bestial killing power. (Slay +2)
You cannot wear most types of armour.
You are amphibious.
You can wear up to eight rings at the same time.
Your skin changes colour to match your surroundings (Stealth+).
Your rubbery body absorbs attacks. (AC +1, EV +1)
((You are camouflaged when in or above water. (Stealth+)))
You have tentacles for arms and can constrict up to eight enemies at once.


Message History

A lemure comes into view. 2 lemures come into view.
The lemure shouts!
Pikel shouts!
The giant cockroach waves its antennae.
You tentacle-slap the giant cockroach.
You kill the giant cockroach!
You see here a giant cockroach corpse.
You tentacle-slap the lemure but do no damage.
Your grab misses the lemure. Your squeeze misses the lemure.
The lemure hits you!
You closely miss the lemure. You grab the lemure. You constrict the lemure.
The lemure hits you. The lemure barely misses you.
Unknown command.
You closely miss the lemure. You grab the lemure.
You constrict the lemure, but do no damage. x2
The lemure barely misses you. The lemure hits you.
You tentacle-slap the lemure. You tentacle-slap the lemure!
You squeeze the lemure.
The lemure is severely wounded.
You constrict the lemure. x2; The lemure hits you. x2
You tentacle-slap the lemure.
The lemure is almost dead.
You constrict the lemure. x2; The lemure hits you but does no damage.
The lemure hits you!
* * * LOW HITPOINT WARNING * * *
Unknown command.
Okay, then.
Okay, then.
You barely miss the lemure. You squeeze the lemure.
You kill the lemure!
That felt strangely unrewarding.
You constrict the lemure.
It was a potion of curing.
You feel better.
You constrict the lemure. The lemure barely misses you.
You tentacle-slap Pikel but do no damage.
Your grab misses Pikel. You constrict the lemure. The lemure hits you!
Pikel hits you with a +2 whip of freezing!
* * * LOW HITPOINT WARNING * * *
Pikel freezes you.
You die...
Pikel says, "Another soul for the market."

#..........###....#
##.......#.# #..#.#
##.....##.# ##.#.#
##...###.# #.#.#
##+## #.####.#.#
#........#
######.###
##.#########.#
#...55Kh...#.#
.....##5.....# #..
#.##.### . ...##.#
#.#####.# # ..# ###


You could see Pikel and 3 lemures.

Vanquished Creatures
  Sigmund (D:2)
  A lemure (D:4)
  A hound (D:2)
  Jessica (D:2)
  Ijyb (D:3)
  4 adders
  2 dart slugs (D:1)
  An orc (D:3)
  7 bats
  7 endoplasms
  7 giant cockroaches
  5 goblins
  7 hobgoblins
  6 kobolds
  5 quokkas
  7 ball pythons
  7 frilled lizards
  2 rats
72 creatures vanquished.

Notes
Turn   | Place    | Note
-------+----------+-------------------------------------------
     0 | D:1      | monsoonserge the Octopode Shapeshifter began the quest for
                  | the Orb.
     0 | D:1      | Reached XP level 1. HP: 13/13 MP: 1/1
    61 | D:1      | Reached XP level 2. HP: 18/18 MP: 2/2
   418 | D:1      | Reached XP level 3. HP: 23/23 MP: 3/3
   996 | D:1      | Reached skill level 1 in Stealth
  1073 | D:2      | Found an iron altar of Okawaru.
  1124 | D:2      | Reached XP level 4. HP: 15/28 MP: 4/4
  1211 | D:2      | Noticed Sigmund
  1219 | D:2      | Killed Sigmund
  1220 | D:2      | Reached skill level 4 in Unarmed Combat
  1220 | D:2      | Reached XP level 5. HP: 19/33 MP: 5/5
  1286 | D:2      | Reached XP level 6. HP: 38/38 MP: 6/6
  1665 | D:2      | Noticed Jessica
  1676 | D:2      | Killed Jessica
  1935 | D:3      | Found a transporter.
  1936 | D:3      | Noticed wildpjah's ghost (amateur DsGl)
  1941 | D:3      | Found a transporter.
  2036 | D:3      | Found a faded altar of an unknown god.
  2223 | D:3      | Noticed Ijyb
  2238 | D:3      | Killed Ijyb
  2239 | D:3      | Reached skill level 5 in Unarmed Combat
  2923 | D:4      | Noticed Pikel
  2934 | D:4      | Slain by Pikel

Illustrated notes

Levels and vault maps discovered:
D:1:      spicycebolla_arrival_risky_transporter, layout_basic,
          serial_corexii_hall, corexii_hall_statues_t, corexii_hall_statues_t,
          corexii_hall_statues_x, chequers_hall_statues_wall_a,
          nicolae_figureground_sparkle
D:2:      layout_basic, basic_altar, uniq_jessica, uniq_sigmund
D:3:      layout_basic, dreamdust_ecumenical_altar_grove, gammafunk_ghost_smash,
          serial_park_tiny_2, chequers_serial_rivers_room_b, uniq_ijyb
D:4:      layout_loops_corners, chequers_temple_overflow_minitemple,
          minmay_temple_entry_hall, uniq_eustachio, uniq_robin, uniq_pikel

Skill      XL: |  1  2  3  4  5  6 |
---------------+-------------------+-----
Stealth        | 1 2 3 |  3.9
Unarmed Combat | 4 5 |  5.0
Shapeshifting  | 4 |  4.3
Fighting       | |  1.6
Dodging        | |  2.4
Evocations     | |  0.1

Action                     |  1- 3 |  4- 6 || total
---------------------------+-------+-------++-------
  Melee: Unarmed           |    53 |    78 ||   131
         Constrict         |    14 |    17 ||    31
         Tentacles         |    10 |    13 ||    23
         Punch             |     2 |     2 ||     4
    Use: Scroll            |       |     5 ||     5
         Potion            |       |     1 ||     1
   Stab: Sleeping          |     6 |    11 ||    17
 Armour: Skin              |    27 |    40 ||    67
  Dodge: Dodged            |    25 |    43 ||    68

Table legend: (Time is in decaauts)
 A = Elapsed time spent in this place.
 B = Non-inter-level travel time spent in this place.
 C = Inter-level travel time spent in this place.
 D = Time resting spent in this place.
 E = Time spent auto-exploring this place.
 F = Levels seen in this place.
 G = Mean time per level.
                   A        B        C        D        E       F      G
               +--------+--------+--------+--------+--------+-----+--------+
         Total |   2925 |   2714 |    211 |     92 |   1756 |   4 |  731.2 |
       Dungeon |   2925 |   2714 |    211 |     92 |   1756 |   4 |  731.2 |
               +--------+--------+--------+--------+--------+-----+--------+

Top non-repeatable levels by time:
     D:1: 1049 daAuts
     D:3: 1005 daAuts
     D:2: 813 daAuts
     D:4: 57 daAuts
